 Dungeon Crawl Stone Soup version 0.16.1-28-gcc2312f (webtiles) character file.

26 sqallbeste the Sneak (level 3, 0/24 HPs)
             Began as an Octopode Assassin on May 24, 2015.
             Slain by an adder (5 damage)
             ... on level 2 of the Dungeon.
             The game lasted 00:07:37 (1004 turns).

sqallbeste the Sneak (Octopode Assassin)            Turns: 1004, Time: 00:07:37

Health: 0/24       AC:  1    Str: 10    XL:     3   Next: 8%
Magic:  3/3        EV: 12    Int: 13    God:
Gold:   77         SH:  0    Dex: 14    Spells: 0 memorised, 2 levels left

rFire  . . .     SeeInvis .     a - +3 dagger
rCold  . . .     Clarity  .     (no shield)
rNeg   . . .     SustAb   .     (helmet restricted)
rPois  .         Gourm    .     (no amulet)
rElec  .         Spirit   .     (no ring)
rCorr  .         Warding  .     (no ring)
rMut   .         Stasis   .     (no ring)
MR     .....                    (no ring)
Stlth  +++++.....               (no ring)
                                (no ring)
                                (no ring)
                                (no ring)

@: not resistant to hostile enchantments, quite stealthy
A: almost no armour, amphibious, 8 rings, constrict 8, camouflage 1, gelatinous
body 1
a: no special abilities


You were on level 2 of the Dungeon.
You were not hungry.

You visited 1 branch of the dungeon, and saw 2 of its levels.

You collected 77 gold pieces.

Inventory:

Hand weapons
 a - a +3 dagger (weapon)
 b - a +0 blowgun
 l - a +2 hunting sling of freezing
Missiles
 e - 8 poisoned needles
 f - 2 curare-tipped needles
 h - 9 stones (quivered)
Armour
 c - a +0 cloak
 o - a +2 pair of gloves
Scrolls
 d - a scroll of random uselessness
 n - a scroll of identify
Potions
 j - a potion of brilliance
 m - a potion of flight {unknown}
Comestibles
 g - a bread ration
 i - 4 meat rations
 k - a royal jelly


   Skills:
 + Level 2.1 Fighting
 + Level 2.2 Short Blades
 + Level 0.2(1.3) Slings
 + Level 2.2(2.3) Throwing
 + Level 1.0 Dodging
 + Level 6.2 Stealth


You had 2 spell levels left.
You didn't know any spells.

Dungeon Overview and Level Annotations

Branches:
Dungeon (2/15)

Altars:


Innate Abilities, Weirdness & Mutations

You cannot wear most types of armour.
You are amphibious.
You can wear up to eight rings at the same time.
You can use your tentacles to constrict many enemies at once.
Your skin changes colour to match your surroundings (Stealth).
Your rubbery body absorbs attacks (AC +1).


Message History

Aim: an adder (moderately wounded)
You shoot a stone. The stone misses the adder.
Firing (i - inventory):
h - 10 stones (quivered)
Press: ? - help, Shift-Dir - straight line, f/p - adder
Aim: an adder (moderately wounded)
You shoot a stone. The stone barely misses the adder.
Your +2 hunting sling of freezing stops glowing.
a - a +3 dagger (weapon)
You miss the adder. Your grab misses the adder.
The adder is moderately wounded.
The adder bites you.
You hit the adder. You grab the adder.
The adder is severely wounded.
You constrict the adder. The adder barely misses you.
You hit the adder. Your squeeze misses the adder.
The adder is severely wounded.
You constrict the adder. The adder bites you.
* * * LOW HITPOINT WARNING * * *
The adder bites you.
You die...

.# #...##.# .(. ....
.###...##.# #.........#
....)..##.# . .(.......###
.###...##.# #. .............
.+........# #. )..
.......... .###†.....#
#.##.# #.......... .#
#......# #..#.# #..........
.#
#....†.####.#S###..........
.#
####.........@.............#
## #.....................(.#
#.)...........###########
#########..#### #.># ####


You could see an adder.

Vanquished Creatures
  A worm (D:2)
  A giant gecko (D:1)
  A goblin (D:1)
  3 hobgoblins (D:1)
  2 bats
  A giant cockroach (D:1)
  3 giant newts
  4 kobolds
  5 rats
21 creatures vanquished.

Notes
Turn   | Place    | Note
--------------------------------------------------------------
     0 | D:1      | sqallbeste, the Octopode Assassin, began the quest for the Orb.
     0 | D:1      | Reached XP level 1. HP: 14/14 MP: 1/1
     2 | D:1      | Noticed an octopode
     2 | D:1      | Noticed a naga
     4 | D:1      | Noticed a centaur
     4 | D:1      | Noticed a human
     6 | D:1      | Noticed a merfolk
     6 | D:1      | Noticed a troll
     8 | D:1      | Noticed a spriggan
    14 | D:1      | Noticed a felid
    16 | D:1      | Noticed an elf
    16 | D:1      | Noticed a tengu
    18 | D:1      | Noticed a draconian
    20 | D:1      | Noticed a demigod
    20 | D:1      | Noticed a demonspawn
    22 | D:1      | Noticed a ghoul
    22 | D:1      | Noticed a minotaur
    24 | D:1      | Noticed a vine stalker
    26 | D:1      | Noticed a dwarf
    26 | D:1      | Noticed a vampire
    28 | D:1      | Noticed an ogre
    28 | D:1      | Noticed a formicid
    30 | D:1      | Noticed a gargoyle
   461 | D:1      | Reached XP level 2. HP: 19/19 MP: 2/2
   884 | D:2      | Reached skill level 6 in Stealth
   944 | D:2      | Reached XP level 3. HP: 8/24 MP: 3/3
  1004 | D:2      | Slain by an adder

Action                   || total
-------------------------++-------
Melee: Dagger            ||    22
 Fire: Hunting sling     ||    19
Throw: Stone             ||     3
  Use: Scroll            ||     4
       Potion            ||     3
 Stab: Sleeping          ||     3
